 Dungeon Sprint DCSS version 0.25-a0-310-g60f0ac2d9a (webtiles) character file.

Game seed: 323050233495517224, levelgen mode: deterministic

10706 Burgietje the End of an Era (level 11, -13/84 HPs)
             Began as a Gargoyle Monk on Dec 23, 2019.
             Was the Champion of Qazlal.
             Killed from afar by Frances (50 damage)
             ... with an iron shot
             ... in the Dungeon (Sprint V: "Ziggurat Sprint").
             The game lasted 00:05:19 (928 turns).

Burgietje the End of an Era (Gargoyle Monk)          Turns: 928, Time: 00:05:20

Health: -13/84     AC: 31    Str: 33    XL:     11   Next: 66%
Magic:  15/23      EV:  3    Int: 11    God:    Qazlal [******]
Gold:   0          SH: 19    Dex: 16    Spells: 10/10 levels left

rFire    + + +     SeeInvis .   H - +8 lance "Wyrmbane" {slay drac, rPois rF+ rC+ AC+3}
rCold    + + +     Gourm    .   y - +2 shield of Resistance {rF+ rC+ MR+}
rNeg     + . .     Faith    .   j - +5 gold dragon scales
rPois    ∞         Spirit   .   (no helmet)
rElec    +         Reflect  .   (no cloak)
rCorr    .         Harm     .   (no gloves)
MR       +....     NoTele   +   (no boots)
Stlth    ..........             u - amulet "Zizxu" {RegenMP Fragile rF+ rC+ Str+3 Dex+4}
HPRegen  0.24/turn              F - +6 ring of strength
MPRegen  0.43/turn              G - +6 ring of strength

@: protected from physical damage, repel missiles
A: negative energy resistance 1, electricity resistance, unbreathing,
petrification resistance, rot immunity, AC +8
a: Upheaval, Elemental Force, Disaster Area, Renounce Religion


You were in the Dungeon.
You worshipped Qazlal.
Qazlal was exalted by your worship.
You were not hungry.

You visited 1 branch

Inventory:

Hand Weapons
 H - the +8 lance "Wyrmbane" (weapon) {slay drac, rPois rF+ rC+ AC+3}
   (You found it in the Dungeon)

   It affects your AC (+3).
   It protects you from fire.
   It protects you from cold.
   It protects you from poison.
Armour
 j - +5 gold dragon scales (worn)
 y - the +2 shield of Resistance (worn) {rF+ rC+ MR+}
   (You found it in the Dungeon)

   It protects you from fire.
   It protects you from cold.
   It affects your resistance to hostile enchantments.
Jewellery
 b - the ring of Umaerr {Ice +Inv rPois Str-4}
   (You found it in the Dungeon)

   [ring of ice]

   It enhances your ice magic.
   It affects your strength (-4).
   It makes you vulnerable to fire.
   It protects you from cold.
   It protects you from poison.
   It lets you turn invisible.
 u - the amulet "Zizxu" (around neck) {RegenMP Fragile rF+ rC+ Str+3 Dex+4}
   (You found it in the Dungeon)

   [amulet of magic regeneration]

   It increases your magic regeneration.
   It affects your strength (+3).
   It affects your dexterity (+4).
   It protects you from fire.
   It protects you from cold.
   It will be destroyed if unequipped.
 z - the cursed ring of Plog {Dex+5 Slay-3}
   (You found it in the Dungeon)

   [ring of slaying]

   It affects your dexterity (+5).
   It affects your accuracy and damage with ranged weapons and melee attacks
   (-3).
   It has a curse placed upon it.
 F - a +6 ring of strength (left hand)
 G - a +6 ring of strength (right hand)
Wands
 k - a wand of random effects (9)
 x - a wand of flame (23)
Scrolls
 i - 4 scrolls of blinking
 l - 4 scrolls of amnesia
 m - 7 scrolls of fog
 n - a scroll of holy word
 o - 5 scrolls of identify
 p - 5 scrolls of remove curse
 q - 2 scrolls of fear
Potions
 d - 11 potions of curing
 e - 8 potions of heal wounds
 f - 6 potions of haste
 g - 7 potions of magic
 h - 3 potions of berserk rage
 r - 3 potions of brilliance
 s - 2 potions of invisibility
 t - 4 potions of resistance
 v - 5 potions of agility
 w - 4 potions of might
Comestibles
 a - 15 chunks of flesh
 c - 7 rations


   Skills:
 + Level 16.8 Fighting
 + Level 14.5 Polearms
 - Level 2.4 Dodging
 - Level 2.1 Stealth
 + Level 17.9 Invocations


You had 10 spell levels left.
You didn't know any spells.
Your spell library was empty.

Dungeon Overview and Level Annotations

Branches:
Dungeon (1/1)

Altars:
Ashenzari
Cheibriados
Dithmenos
Elyvilon
Fedhas
Gozag
Hepliaklqana
Kikubaaqudgha
Makhleb
Nemelex Xobeh
Okawaru
Qazlal
Ru
Sif Muna
Trog
Uskayaw
Vehumet
Wu Jian
Xom
Yredelemnul
Zin
The Shining One
Beogh
Jiyva
Lugonu

Annotations:
D 1 transporter, Eustachio, Frances, Ijyb, Nessos


Innate Abilities, Weirdness & Mutations

You are resistant to torment.
Your stone body is resilient. (AC +8)
You are immune to poison.
You resist negative energy. (rN+)
You are resistant to electric shocks. (rElec)
You can survive without breathing.
You are immune to petrification.
You are immune to rotting.


Message History

You feel more protected from physical attacks.
Nessos blinks!
You block Ijyb's attack.
You feel much better. You block Frances's attack.
Kirke mumbles some strange words.
Kirke summons a lindwurm!
You block Eustachio's attack. Ijyb hits you but does no damage.
You impale Kirke!!
You kill Kirke!
Qazlal accepts your kill.
The lindwurm disappears in a puff of smoke!
Nessos intently looks at you, slowly moving their tail.
Frances screams a word of power!
You block the shard of ice.
Eustachio gestures wildly while chanting.
You puncture Ijyb!
Ijyb is moderately wounded.
Frances screams a word of power!
The iron shot hits you!!!
Ouch! That really hurt!
You die...

▓▓▓▓▓▓▓▓▓▓▓▓▓▓▓▓▓▓▓
▓...8©8...▓...8©8...▓
▓...:}.}..▓..[|).:..▓
▓..:}::[..▓.....[:..▓
▓.........▓....[....▓
▓....)....▓..)......▓
▓...c.§.§.▓....)....▓
▓...g"§☼§.▓....))...▓
▓..○.@@§..▓.▓.....▓.▓
▓.▓..°@°▓.▓....©....▓
▓...○©5...▓▓▓▓▓▓▓▓▓▓▓
▓▓▓▓▓▓▓▓▓▓▓


You could see Frances, Nessos, Eustachio, Ijyb and an ufetubus.

Vanquished Creatures
  Kirke (D)
  Erolcha (D)
  Erica (D)
  Nergalle (D)
  2 spriggan druids (D)
  A black mamba (D)
  Psyche (D)
  2 jumping spiders (D)
  4 merfolk (D)
  A slime creature (D)
  3 hornets (D)
  2 hippogriffs (D)
  Sigmund (D)
  2 tarantellas (D)
  8 spriggans (D)
  A naga (D)
  A water moccasin (D)
  Edmund (D)
  Duvessa (D)
  A floating eye (D)
  Purgy (D)
  2 eyes of draining (D)
  3 wolves (D)
  2 centaurs (D)
  Blork the orc (D)
  Dowan (D)
  4 scorpions (D)
  A quasit (D)
  An iron imp (D)
  A jelly (D)
  Crazy Yiuf (D)
  Jessica (D)
  2 adders (D)
  A white imp (D)
  2 oozes (D)
  A ball python (D)
61 creatures vanquished.

Notes
Turn   | Place    | Note
-------+----------+-------------------------------------------
     0 | D        | Burgietje the Gargoyle Monk began the quest for the Orb.
     0 | D        | Reached XP level 1. HP: 14/14 MP: 1/1
     5 | D        | Found a blossoming altar of Fedhas.
     6 | D        | Found the +6 Majin-Bo {vamp, Archmagi MP+6 Int+6}
     6 | D        | Found the +7 great mace "Firestarter" {inner flame, rF++}
     7 | D        | Found a viscous altar of Jiyva.
     7 | D        | Found a hazy altar of Hepliaklqana.
     7 | D        | Found a transporter.
     7 | D        | Found an opulent altar of Gozag.
     7 | D        | Found an ancient bone altar of Kikubaaqudgha.
     7 | D        | Found a corrupted altar of Lugonu.
    10 | D        | Found a burning altar of Makhleb.
    11 | D        | Found a sacrificial altar of Ru.
    11 | D        | Found a stormy altar of Qazlal.
    11 | D        | Found a shimmering blue altar of Sif Muna.
    11 | D        | Found an iron altar of Okawaru.
    11 | D        | Found a bloodstained altar of Trog.
    11 | D        | Found a sparkling altar of Nemelex Xobeh.
    29 | D        | Found the +9 heavy crossbow "Sniper" {velocity, Acc+∞ SInv}
    29 | D        | Found the +10 dark maul {crush}
    29 | D        | Found the +15 Maxwell's patent armour {-Cast -Tele rElec
                  | MR+ rCorr}
    29 | D        | Found the +18 shield of the Gong {rElec rN+ MR+ EV-5}
    29 | D        | Found the cursed +14 obsidian axe {chop, +Fly SInv *Curse}
    30 | D        | Found the +6 shillelagh "Devastator" {shatter}
    30 | D        | Found the +11 plutonium sword {*Contam Stlth-}
    30 | D        | Found the +8 lance "Wyrmbane" {slay drac, rPois rF+ rC+
                  | AC+3}
    30 | D        | Found the +9 sword of Zonguldrok {reap}
    30 | D        | Found the cursed +13 scythe of Curses {drain, *Curse}
    30 | D        | Found the +0 sword of Power
    30 | D        | Found the +7 mace of Variability {chain chaos}
    30 | D        | Found the +7 Singing Sword {slice, sonic wave}
    30 | D        | Found the +8 storm bow {elec, penet}
    63 | D        | Became a worshipper of Qazlal Stormbringer
    63 | D        | Reached * piety under Qazlal
    63 | D        | Reached ** piety under Qazlal
    67 | D        | Reached skill level 8 in Invocations
    67 | D        | Reached XP level 2. HP: 19/19 MP: 1/7
   132 | D        | Entered arena 2.
   132 | D        | Noticed a floating eye
   132 | D        | Noticed an eye of draining
   132 | D        | Found a transporter.
   134 | D        | Killed a floating eye
   134 | D        | Reached skill level 5 in Fighting
   134 | D        | Reached skill level 9 in Invocations
   134 | D        | Reached XP level 3. HP: 27/27 MP: 2/9
   134 | D        | Reached XP level 4. HP: 32/32 MP: 2/10
   137 | D        | Killed an eye of draining
   137 | D        | Reached skill level 5 in Polearms
   137 | D        | Reached skill level 10 in Invocations
   137 | D        | Reached XP level 5. HP: 37/37 MP: 2/12
   212 | D        | Entered arena 3.
   212 | D        | Found a transporter.
   219 | D        | Reached *** piety under Qazlal
   219 | D        | Reached XP level 6. HP: 44/44 MP: 13/13
   227 | D        | Entered arena 4.
   227 | D        | Noticed a jumping spider
   227 | D        | Noticed a tarantella
   227 | D        | Found a transporter.
   230 | D        | Killed a tarantella
   230 | D        | Reached skill level 11 in Invocations
   234 | D        | Killed a jumping spider
   234 | D        | Reached XP level 7. HP: 43/51 MP: 13/15
   236 | D        | Reached **** piety under Qazlal
   236 | D        | Reached skill level 12 in Invocations
   237 | D        | Reached skill level 10 in Fighting
   251 | D        | Got the amulet "Zizxu" {RegenMP Fragile rF+ rC+ Str+3
                  | Dex+4}
   299 | D        | Entered arena 5.
   299 | D        | Noticed a tarantella
   299 | D        | Noticed a jumping spider
   299 | D        | Found a transporter.
   308 | D        | Killed a tarantella
   308 | D        | Reached XP level 8. HP: 58/58 MP: 17/17
   311 | D        | Reached ***** piety under Qazlal
   313 | D        | Killed a jumping spider
   327 | D        | Entered arena 6.
   327 | D        | Noticed a slime creature
   327 | D        | Found a transporter.
   338 | D        | Reached skill level 13 in Invocations
   339 | D        | Killed a slime creature
   349 | D        | Entered arena 7.
   349 | D        | Noticed a spriggan
   349 | D        | Noticed a spriggan rider
   349 | D        | Noticed a spriggan druid
   349 | D        | Noticed a spriggan
   350 | D        | Found a transporter.
   358 | D        | Reached skill level 10 in Polearms
   359 | D        | Killed a spriggan druid
   359 | D        | Reached skill level 14 in Invocations
   359 | D        | Reached XP level 9. HP: 48/66 MP: 16/19
   369 | D        | Reached ****** piety under Qazlal
   372 | D        | Killed a hornet
   539 | D        | Entered arena 8.
   539 | D        | Noticed a black mamba
   540 | D        | Found a transporter.
   549 | D        | Killed a black mamba
   549 | D        | Reached skill level 15 in Invocations
   549 | D        | Reached XP level 10. HP: 72/73 MP: 21/21
   562 | D        | Entered arena 9.
   562 | D        | Noticed a spriggan rider
   562 | D        | Noticed a spriggan druid
   562 | D        | Noticed a spriggan rider
   563 | D        | Found the +2 shield of Resistance {rF+ rC+ MR+}
   563 | D        | Found a transporter.
   578 | D        | Killed a spriggan druid
   601 | D        | Reached skill level 16 in Invocations
   709 | D        | Entered arena 10.
   710 | D        | Found a transporter.
   716 | D        | Reached skill level 15 in Fighting
   728 | D        | Reached XP level 11. HP: 51/82 MP: 7/23
   754 | D        | Got the ring of Umaerr {Ice +Inv rPois Str-4}
   864 | D        | Entered arena 11.
   864 | D        | Noticed Sigmund
   864 | D        | Noticed Jessica
   864 | D        | Noticed Blork the orc
   864 | D        | Noticed Crazy Yiuf
   864 | D        | Noticed Dowan
   864 | D        | Noticed Duvessa
   864 | D        | Noticed Edmund
   864 | D        | Noticed Erica
   864 | D        | Noticed Erolcha
   865 | D        | Found the +3 giant club "Skullcrusher" {speed, Str+7}
   865 | D        | Killed Edmund
   865 | D        | Killed Blork the orc
   865 | D        | Killed Crazy Yiuf
   865 | D        | Killed Duvessa
   865 | D        | Killed Jessica
   866 | D        | Found a transporter.
   870 | D        | Killed Erolcha
   870 | D        | Reached skill level 17 in Invocations
   874 | D        | Killed Dowan
   877 | D        | Killed Sigmund
   890 | D        | Killed Erica
   912 | D        | Got the cursed ring of Plog {Dex+5 Slay-3}
   914 | D        | Entered arena 12.
   914 | D        | Noticed Purgy
   914 | D        | Noticed Nergalle
   914 | D        | Noticed Nessos
   914 | D        | Noticed Psyche
   914 | D        | Noticed Frances
   915 | D        | Identified the amulet "Ilauw" {*Contam rN++ Regen+}
   915 | D        | Noticed Kirke
   915 | D        | Noticed Ijyb
   915 | D        | Noticed Eustachio
   917 | D        | Killed Psyche
   917 | D        | Killed Purgy
   918 | D        | Killed Nergalle
   920 | D        | Found a transporter.
   927 | D        | Noticed a lindwurm
   927 | D        | Killed Kirke
   928 | D        | Killed from afar by Frances

Levels and vault maps discovered:
D:        sprint_v [room_start, room_1, room_2, room_3, room_4, room_5, room_6,
          room_7, room_8, room_9, room_10, room_11, room_12, room_13, room_14,
          room_15, room_16, room_17, room_18, room_19, room_20, room_21,
          room_22, room_23, room_24, room_25, room_26, room_27]

Skill      XL: |  1  2  3  4  5  6  7  8  9 10 11 |
---------------+----------------------------------+-----
Invocations    | 8 9 10 11 12 14 15 16 17 | 17.9
Fighting       | 5 6 7 9 10 12 13 15 16 | 16.8
Polearms       | 4 5 6 8 10 11 13 14 | 14.5
Dodging        | |  2.4
Stealth        | |  2.1

Action                   |  1- 3 |  4- 6 |  7- 9 | 10-12 || total
-------------------------+-------+-------+-------+-------++-------
Melee: Lance             |     2 |    17 |    53 |    85 ||   157
Invok: Upheaval          |       |       |     1 |     6 ||     7
  Use: Potion            |     1 |     1 |       |     2 ||     4
Armor: Gold dragon scale |       |    21 |    30 |    34 ||    85
Dodge: Dodged            |       |       |     4 |     2 ||     6
Block: Large shield      |       |    18 |    84 |    60 ||   162
       Shield            |       |       |       |    41 ||    41

Table legend:
 A = Non-vault XP
 B = Vault XP
 C = Vault XP percentage of total XP
 D = Non-vault monster count
 E = Vault monster count
 F = Vault count percentage of total count
                 A         B        C        D         E       F
            +---------+---------+-------+---------+---------+-------
      Total |     717 |   14568 |  95.3 |       3 |      58 |  95.1
            +---------+---------+-------+---------+---------+-------
          D |     717 |   14568 |  95.3 |       3 |      58 |  95.1
            +---------+---------+-------+---------+---------+-------
